 Seeded DCSS version 0.31.0-12-g77e489cdc1 (webtiles) character file.

Game seed: 18446744073709551615 (custom seed)

164 jagang the Trooper (level 5, -1/42 HPs)
             Began as a Human Monk on Feb 15, 2024.
             Slain by an orc priest
             ... wielding a +0 hand axe
              (5 damage)
             ... on level 3 of the Dungeon.
             The game lasted 00:02:17 (1663 turns).

jagang the Trooper (Human Monk)                     Turns: 1663, Time: 00:02:18

Health: -1/42      AC:  8    Str: 11    XL:     5   Next: 45%
Magic:  5/5        EV:  6    Int: 11    God:
Gold:   136        SH:  0    Dex: 17    Spells: 4/4 levels left

rFire   . . .        a - +0 falchion
rCold   . . .        d - orb {light}
rNeg    . . .        i - +0 chain mail
rPois   .            (no helmet)
rElec   .            (no cloak)
rCorr   .            (no gloves)
SInv    .            (no boots)
Will    .....        (no amulet) Stlth
                     (no ring)
HPRegen 0.27/turn    (no ring)
MPRegen 0.09/turn

%: no passive effects
@: glowing
A: explore regen
a: no special abilities


You were on level 3 of the Dungeon.
You visited 1 branch of the dungeon, and saw 3 of its levels.

You collected 136 gold pieces.

Inventory:

Hand Weapons
 a - a +0 falchion (weapon)
Armour
 d - an orb of light (worn)
 i - a +0 chain mail (worn)
Jewellery
 f - a +6 ring of intelligence
Wands
 k - a wand of polymorph (7)
Scrolls
 g - 4 scrolls of identify {unknown}
 h - a scroll of summoning {unknown}
 j - a scroll of immolation {unknown}
 l - a scroll of enchant armour {unknown}
 m - a scroll of teleportation {unknown}
Potions
 b - 2 potions of might {unknown}
 c - 2 potions of ambrosia
 e - a potion of enlightenment {unknown}


   Skills:
 + Level 4.2 Fighting
 + Level 4.1 Long Blades
 + Level 2.0 Armour
 - Level 3.4 Dodging


You had 4 spell levels left.
You didn't know any spells.
Your spell library contained the following spells:

 Spells                   Type           Power      Damage    Failure   Level
 Malign Gateway           Summ/Tloc      0%         N/A       100%        7
 Summon Horrible Things   Summ           0%         N/A       100%        8


Dungeon Overview and Level Annotations

Branches:
Dungeon (3/15)

Altars:
Nemelex Xobeh


Innate Abilities, Weirdness & Mutations

You regain HP and MP as you explore.


Message History

Unknown command.
You are too injured to fight recklessly!
You are too injured to fight recklessly!
You are too injured to fight recklessly!
You are too injured to fight recklessly!
You hit Natasha but do no damage.
Natasha is moderately wounded.
Natasha claws you.
The orc priest casts a cantrip, but nothing happens.
Natasha casts a spell at you. The magic dart hits you.
You hit Natasha but do no damage.
Natasha is moderately wounded.
Natasha barely misses you.
You slash Natasha!
Natasha is severely wounded.
The orc priest looks satisfied for a moment.
Natasha claws you.
The orc priest looks satisfied for a moment.
You barely miss Natasha.
Natasha is severely wounded.
Natasha closely misses you.
You hit Natasha.
You kill Natasha!
Natasha growls in agony!
Your Armour skill increases to level 2!
You hit the orc priest.
The orc priest is moderately wounded.
The orc priest completely misses you.
The orc priest invokes the aid of Beogh against you.
Beogh smites you!
* * * LOW HITPOINT WARNING * * *
You hit the orc priest.
The orc priest is severely wounded.
The orc priest hits you with a +0 hand axe.
* * * LOW HITPOINT WARNING * * *
You hit the orc priest.
The orc priest is almost dead.
The orc priest hits you with a +0 hand axe.
You die...

''####### .....#.#
... .....#.# ###.#
.......#### #....
....#.....# #.#.#
..........# #.#.#
##.###....# #.#.# #
#.###.#### #.#.##o#.#
#.##..).####...@ooo.#
#.
#.......#..###.o....
#...#...>....o.o..#.
#...####....#####.#
##### #....# # #....#
#....# .....# #.#..#


You could see 3 orc priests and 3 orcs.

Vanquished Creatures
  Ijyb (D:3)
  Natasha (twice) (D:3)
  2 adders
  2 dart slugs (D:2)
  An orc (D:3)
  5 endoplasms
  2 giant cockroaches
  7 goblins
  5 hobgoblins
  4 jackals (D:1)
  6 quokkas
  7 ball pythons
  5 bats
  3 frilled lizards
  6 kobolds
  6 rats
64 creatures vanquished.

Notes
Turn   | Place    | Note
-------+----------+-------------------------------------------
     0 | D:1      | jagang the Human Monk began the quest for the Orb.
     0 | D:1      | Reached XP level 1. HP: 18/18 MP: 1/1
    35 | D:1      | Reached XP level 2. HP: 6/24 MP: 2/2
   403 | D:1      | Reached XP level 3. HP: 27/29 MP: 3/3
   941 | D:2      | Reached XP level 4. HP: 34/37 MP: 4/4
  1060 | D:2      | Reached skill level 1 in Armour
  1374 | D:3      | Noticed Ijyb
  1384 | D:3      | Killed Ijyb
  1438 | D:3      | Noticed Natasha
  1444 | D:3      | Killed Natasha
  1445 | D:3      | Reached XP level 5. HP: 40/42 MP: 5/5
  1603 | D:3      | Found a sparkling altar of Nemelex Xobeh.
  1646 | D:3      | Noticed Natasha
  1660 | D:3      | Killed Natasha
  1663 | D:3      | Slain by an orc priest

Illustrated notes

Levels and vault maps discovered:
D:1:      dpeg_arrival_renting, layout_rooms, minmay_strange_pillars
D:2:      layout_rooms, nicolae_houndstooth_variations
D:3:      layout_basic, nemelex_altar_shiori, cheibrodos_sewer_entry_bend,
          uniq_natasha, uniq_ijyb, uniq_terence

Skill      XL: |  1  2  3  4  5 |
---------------+----------------+-----
Armour         | 1 2 |  2.0
Fighting       | 4 |  4.2
Long Blades    | 4 |  4.1
Dodging        | |  3.4

Action                     |  1- 3 |  4- 6 || total
---------------------------+-------+-------++-------
  Melee: Falchion          |   108 |    71 ||   179
   Stab: Distracted        |     1 |       ||     1
         Sleeping          |     1 |       ||     1
 Armour: Robe              |    52 |       ||    52
         Chain mail        |    12 |    60 ||    72
         Skin              |       |     6 ||     6
  Dodge: Dodged            |    71 |    25 ||    96
